 Dungeon Crawl Stone Soup version 0.29.1-15-g9cfb28693d (webtiles) character file.

Game seed: 14631627047715716546

2 Groucho the Thaumaturge (level 1, -3/17 HPs)
             Began as a Gnoll Wanderer on Apr 5, 2023.
             Slain by a hobgoblin (4 damage)
             ... on level 1 of the Dungeon.
             The game lasted 00:01:01 (38 turns).

Groucho the Thaumaturge (Gnoll Wanderer)              Turns: 38, Time: 00:01:02

Health: -3/17      AC:  5    Str:  8    XL:     1   Next: 40%
Magic:  10/10      EV: 10    Int: 15    God:
Gold:   0          SH:  0    Dex: 10    Spells: 18/18 levels left

rFire   . . .      SeeInvis .   a - +0 dagger
rCold   . . .      Faith    .   (no shield)
rNeg    . . .      Spirit   .   c - +0 ring mail
rPois   .          Reflect  .   (no helmet)
rElec   .          Harm     .   (no cloak)
rCorr   .          Rampage  .   (no gloves)
Will    .....                   (no boots)
Stlth   ..........              (no amulet)
HPRegen 0.05/turn               (no ring)
MPRegen 0.12/turn               (no ring)

@: no status effects
A: fangs 1, strong nose, distributed training
a: no special abilities


You were on level 1 of the Dungeon.
You visited 1 branch of the dungeon, and saw 1 of its levels.

Inventory:

Hand Weapons
 a - a +0 dagger (weapon)
Armour
 c - a +0 ring mail (worn)
Scrolls
 b - a scroll of butterflies


   Skills:
 + Level 2.3 Fighting
 + Level 0.0 Short Blades
 + Level 0.0 Long Blades
 + Level 0.0 Axes
 + Level 0.0 Maces & Flails
 + Level 0.0 Polearms
 + Level 0.0 Staves
 + Level 0.0 Ranged Weapons
 + Level 0.0 Throwing
 + Level 2.3 Armour
 + Level 2.3 Dodging
 + Level 0.0 Stealth
 + Level 0.0 Shields
 + Level 0.0 Unarmed Combat
 + Level 9.2 Spellcasting
 + Level 0.0 Conjurations
 + Level 0.0 Hexes
 + Level 0.0 Summonings
 + Level 0.0 Necromancy
 + Level 0.0 Translocations
 + Level 3.6 Transmutations
 + Level 0.0 Fire Magic
 + Level 0.0 Ice Magic
 + Level 0.0 Air Magic
 + Level 0.0 Earth Magic
 + Level 0.0 Poison Magic
 + Level 0.1 Invocations
 + Level 0.0 Evocations


You had 18 spell levels left.
You didn't know any spells.
Your spell library contained the following spells:

 Spells                   Type           Power      Damage    Failure   Level
 Sting                    Tmut/Pois      48%        1d5       16%         1
 Freeze                   Ice            28%        1d5       30%         1
 Shock                    Conj/Air       28%        1d4       30%         1
 Ensorcelled Hibernation  Hex/Ice        14%        N/A       43%         2
 Ignite Poison            Fire/Tmut/Pois 10%        N/A       50%         3
 Inner Flame              Hex/Fire       7%         N/A       67%         3


Dungeon Overview and Level Annotations

Branches:
Dungeon (1/15)

Altars:


Innate Abilities, Weirdness & Mutations

You have very sharp teeth.
Your uncanny sense of smell can sniff out nearby items.
Your experience applies equally to all skills.


Message History

You closely miss the giant cockroach.
The giant cockroach is heavily wounded.
The giant cockroach bites you but does no damage.
There are monsters nearby!
You aren't carrying any items that you can evoke.
Unknown command.
You hit the giant cockroach.
The giant cockroach is almost dead.
The giant cockroach barely misses you.
You hit the giant cockroach but do no damage.
The giant cockroach is almost dead.
The giant cockroach closely misses you. x2
Unknown command.
You barely miss the giant cockroach.
The giant cockroach is almost dead.
The giant cockroach misses you.
You hit the giant cockroach.
You kill the giant cockroach!
Unknown command.
Unknown command.
You closely miss the hobgoblin.
The hobgoblin hits you but does no damage.
Unknown command.
Unknown command.
You barely miss the hobgoblin.
You bite the hobgoblin, but do no damage.
The hobgoblin barely misses you.
You barely miss the hobgoblin. The hobgoblin closely misses you.
You aren't carrying any potions.
Unknown command.
Okay, then.
You closely miss the hobgoblin. Your bite misses the hobgoblin.
The hobgoblin hits you.
* * * LOW HITPOINT WARNING * * *
Unknown command.
Unknown command.
The hobgoblin attacks as you move away!
The hobgoblin hits you but does no damage.
The hobgoblin attacks as you move away! The hobgoblin hits you.
You die...

### ###.###
##~#.#~##
##~P~.~P~##
#~P8P.P8P~# #.
#~P.<.P~#
.#...##~P...♣~#
.....#~P8P.♣8♣
.....##~P.@.♣~#
......##~#g#~##
.......###.###...
.....?...........#
............?....#
#..............##
#......##.....##
...##...########
.. #.#..


You could see a hobgoblin.

Vanquished Creatures
  A giant cockroach (D:1)
  A hobgoblin (D:1)
2 creatures vanquished.

Notes
Turn   | Place    | Note
-------+----------+-------------------------------------------
     0 | D:1      | Reached skill level 9 in Spellcasting
     0 | D:1      | Groucho the Gnoll Wanderer began the quest for the Orb.
     0 | D:1      | Groucho set off with the following items: a +0 dagger, a
                  | scroll of butterflies, a +0 ring mail; and the following
                  | spells available to memorise: Sting, Freeze, Shock,
                  | Ensorcelled Hibernation, Ignite Poison, Inner Flame.
     0 | D:1      | Reached XP level 1. HP: 17/17 MP: 10/10
    38 | D:1      | Slain by a hobgoblin

Illustrated notes

Levels and vault maps discovered:
D:1:      ldierk_walled_garden_2, layout_rooms, minmay_split_cup_small

Skill      XL: | |
---------------+-+-----
Spellcasting   | |  9.2
Fighting       | |  2.3
Armour         | |  2.3
Dodging        | |  2.3
Transmutations | |  3.6
Invocations    | |  0.1

Action                   || total
-------------------------++-------
Melee: Dagger            ||    25
       Bite              ||     1
Armor: Ring mail         ||    16
Dodge: Dodged            ||    15
